 Dungeon Crawl Stone Soup version 0.25-a0-578-gc91f01c39c (webtiles) character file.

Game seed: 17965836485578244103, levelgen mode: deterministic

220814 inmateoo the Fencer (level 18, -4/149 HPs)
             Began as a Vampire Monk on Mar 7, 2020.
             Was an Initiate of Gozag.
             Hit by a large rock thrown by a stone giant (38 damage)
             ... on level 2 of the Vaults.
             The game lasted 01:13:32 (38115 turns).

inmateoo the Fencer (Vampire Monk)                 Turns: 38115, Time: 01:13:32

Health: -4/149     AC: 26    Str: 16    XL:     18   Next: 48%
Magic:  33/33      EV: 26    Int: 13    God:    Gozag
Gold:   3778       SH:  0    Dex: 30    Spells: 17/17 levels left

rFire    + + +     SeeInvis +   f - +6 dagger (venom)
rCold    . . .     Gourm    .   (no shield)
rNeg     . . .     Faith    .   o - +5 scale mail {rF+}
rPois    +         Spirit   .   K - +2 helmet "Haorinn" {rF++ Str+5}
rElec    +         Reflect  .   h - +0 cloak "Yhal" {rElec MR+ MP+9}
rCorr    .         Harm     .   Z - +2 pair of gloves {Dex+3}
MR       +++..                  U - +1 pair of boots
Stlth    +++.......             p - amulet of regeneration
HPRegen  0.94/turn              O - ring "Lext" {MR+ Dex+4 Stlth+}
MPRegen  0.23/turn              Y - ring of poison resistance

@: regenerating quickly
A: no food, fangs 3, see invisible, unbreathing
}: 1/15 runes: gossamer
a: Exsanguinate, Potion Petition, Call Merchant, Bribe Branch, Renounce Religion


You were on level 2 of the Vaults.
You worshipped Gozag.
Gozag was most pleased with you.
You were alive.

You visited 6 branches of the dungeon, and saw 31 of its levels.
You also visited: Ice Cave.

You collected 12334 gold pieces.
You spent 7317 gold pieces at shops.
You paid 1239 gold pieces to Gozag.

Inventory:

Hand Weapons
 f - a +6 dagger of venom (weapon)
 L - a +5 scimitar
 M - a +1 scimitar of flaming
Missiles
 r - 2 throwing nets (quivered)
Armour
 h - the +0 cloak "Yhal" (worn) {rElec MR+ MP+9}
   (You bought it in a shop on level 12 of the Dungeon)

   It insulates you from electricity.
   It affects your resistance to hostile enchantments.
   It affects your magic capacity (+9).
   If you remove this armour, your AC will decrease by 2 (26 -> 24).
 o - a +5 scale mail of fire resistance (worn)
 K - the +2 helmet "Haorinn" (worn) {rF++ Str+5}
   (You bought it in a shop on level 12 of the Dungeon)

   It affects your strength (+5).
   It greatly protects you from fire.
   If you remove this armour, your AC will decrease by 4 (26 -> 22).
 U - a +1 pair of boots (worn)
 Z - a +2 pair of gloves of dexterity (worn)
Jewellery
 j - an uncursed ring of ice
 p - an amulet of regeneration (around neck)
 C - an uncursed ring of resist corrosion
 O - the ring "Lext" (left hand) {MR+ Dex+4 Stlth+}
   (You bought it in a shop on level 12 of the Dungeon)

   [ring of dexterity]

   It affects your dexterity (+4).
   It affects your resistance to hostile enchantments.
   It makes you more stealthy.
 Y - a ring of poison resistance (right hand)
Wands
 a - a wand of digging (10)
 g - a wand of polymorph (56)
 v - a wand of paralysis (13)
 D - a wand of iceblast (23)
 H - a wand of acid (22)
 N - a wand of flame (24)
Scrolls
 b - 5 scrolls of enchant weapon
 e - 2 scrolls of enchant armour
 i - 8 scrolls of teleportation
 k - 4 scrolls of magic mapping
 l - 11 scrolls of remove curse
 q - 19 scrolls of identify
 y - 6 scrolls of amnesia
 z - 6 scrolls of blinking
 A - 3 scrolls of fear
 G - a scroll of summoning
 V - 2 scrolls of fog
Potions
 c - 4 potions of magic
 d - 6 potions of flight
 m - 3 potions of mutation
 n - a potion of cancellation
 s - 4 potions of haste
 t - a potion of resistance
 u - 12 potions of curing
 w - 3 potions of might
 x - 4 potions of stabbing
 B - 4 potions of heal wounds
 E - 6 potions of brilliance
 F - 3 potions of ambrosia
 Q - 6 potions of lignification
 X - a potion of berserk rage
Miscellaneous
 P - a tin of tremorstones
 T - a fan of gales
 W - a lamp of fire (inert)


   Skills:
 - Level 15.0 Fighting
 - Level 18.0 Long Blades
 - Level 14.0 Armour
 + Level 17.5 Dodging
 - Level 5.0 Stealth
 - Level 9.0 Evocations


You had 17 spell levels left.
You didn't know any spells.
Your spell library contained the following spells:

 Spells                   Type           Power        Failure   Level  Hunger
 Animate Skeleton         Necr           N/A          61%         1    N/A
 Magic Dart               Conj           #...         61%         1    N/A
 Pain                     Necr           #...         61%         1    N/A
 Sting                    Tmut/Pois      #...         61%         1    N/A
 Blink                    Tloc           N/A          75%         2    N/A
 Call Imp                 Summ           #.......     75%         2    N/A
 Poisonous Vapours        Pois/Air       #.....       75%         2    N/A
 Slow                     Hex            #.......     75%         2    N/A
 Confusing Touch          Hex            #.......     93%         3    N/A
 Conjure Flame            Conj/Fire      #.......     93%         3    N/A
 Gell's Gravitas          Tloc           #.........   93%         3    N/A
 Ignite Poison            Fire/Tmut/Pois #.......     93%         3    N/A
 Mephitic Cloud           Conj/Pois/Air  #.......     93%         3    N/A
 Vampiric Draining        Necr           #.........   93%         3    N/A
 Animate Dead             Necr           N/A          100%        4    N/A
 Olgreb's Toxic Radiance  Pois           #.......     100%        4    N/A
 Petrify                  Tmut/Erth      #.......     100%        4    N/A
 Agony                    Necr           #.......     100%        5    N/A
 Bolt of Magma            Conj/Fire/Erth #.........   100%        5    N/A
 Iskenderun's Battlesphe  Conj/Chrm      #.......     100%        5    N/A
 Metabolic Englaciation   Hex/Ice        #.........   100%        5    N/A
 Yara's Violent Unravell  Hex/Tmut       #.........   100%        5    N/A
 Iron Shot                Conj/Erth      #.........   100%        6    N/A
 Malign Gateway           Summ/Tloc      #.........   100%        7    N/A
 Monstrous Menagerie      Summ           #.........   100%        7    N/A
 Orb of Destruction       Conj           #.........   100%        7    N/A
 Spellforged Servitor     Conj/Summ      #.........   100%        7    N/A
 Summon Greater Demon     Summ           #.........   100%        7    N/A
 Summon Horrible Things   Summ           #.........   100%        8    N/A

Dungeon Overview and Level Annotations

Branches:
Dungeon (15/15)            Temple (1/1) D:5            Lair (6/6) D:11
 Shoals (0/4) Lair:2       Spider (4/4) Lair:2        Slime (0/5) Lair:5
    Orc (2/2) D:9             Elf (0/3) Orc:2        Vaults (3/5) D:13
  Crypt (0/3) Vaults:2     Depths (0/5) D:15          IceCv (visited)

Altars:
Ashenzari
Cheibriados
Dithmenos
Elyvilon
Fedhas
Gozag
Hepliaklqana
Kikubaaqudgha
Makhleb
Nemelex Xobeh
Okawaru
Qazlal
Ru
Sif Muna
Trog
Uskayaw
Vehumet
Wu Jian
Xom
Yredelemnul
Zin
The Shining One

Shops:
D:5 !?*%   D:9 :   D:12 =([   D:13 %   Orc:1 [   Orc:2 (:(}(   Vaults:2 (

Annotations:
D:11 2 transporters, Mergh's ghost, journeyman MiFi
Vaults:3 Saint Roka


Innate Abilities, Weirdness & Mutations

You do not eat.
Your natural rate of healing is unusually fast.
You have razor-sharp teeth.
You have supernaturally acute eyesight. (SInv)
You can survive without breathing.


Message History

You hit the stone giant but do no damage.
The stone giant looks as sick as possible!
You bite the stone giant, but do no damage.
The stone giant is severely wounded.
The stone giant hits you!!
You hit the stone giant.
The stone giant looks as sick as possible!
The stone giant is severely wounded.
You hit the stone giant but do no damage.
Your bite misses the stone giant.
The stone giant is severely wounded.
The stone giant hits you!!
* * * LOW HITPOINT WARNING * * *
You hit the stone giant but do no damage.
Your bite misses the stone giant.
The stone giant is severely wounded.
Unknown command.
The stone giant throws a large rock.
The large rock hits you!!!
You die...
Your body crumbles into a pile of gold.

..#..}....#...O.......#.#
..#....)..#...#...#...#.#
#.#.......#############.#
..##.#....# #.#
....∩.....# #.#
...#.#....# #.#
#.........########### #.#
..#.......'.........# #(#
###.......#.....@...# #(#
..........#...C.....# #(#
..........#.........# #(#
..........#.........# #(#
..........#.........# #.#
..........#.........# #)#
..........########### #)#
.......)..#############)#
........................#


You could see a stone giant.

Vanquished Creatures
  Arachne (Spider:3)
  A storm dragon (D:11)
  2 frost giants
  3 fire giants
  4 ghost moths
  A deep elf sorcerer (Vaults:1)
  An orc warlord (Orc:2)
  3 vault wardens
  4 emperor scorpions
  5 ironheart preservers
  An entropy weaver (Spider:3)
  2 vampire knights
  4 spark wasps
  A deep elf annihilator (Vaults:2)
  Josephine (D:13)
  2 ettins
  4 ogre magi
  Fannar (D:11)
  2 fire dragons
  The ghost of Dustman the Fighter, a journeyman HuGl of Nemelex Xobeh (Lair:2)
  3 yaktaur captains (Vaults:2)
  4 vault guards (D:13)
  11 hydras
  10 centaur warriors
  A merfolk avatar (Lair:6)
  16 two-headed ogres
  The ghost of Tungsten the Unseen, a journeyman SpAs of Dithmenos (Lair:4)
  A tengu warrior (D:14)
  4 orc high priests (Orc:2)
  Nergalle (Orc:1)
  4 deep elf knights
  A fire crab (shapeshifter) (Vaults:2)
  A skeletal warrior (Vaults:2)
  6 unseen horrors
  2 flayed ghosts (Vaults:2)
  A death drake (shapeshifter) (Vaults:2)
  6 deep elf archers
  9 ironbrand convokers
  5 wizards
  A phantasmal warrior (Vaults:2)
  2 orc knights
  15 orb spiders
  An oklob plant (Lair:5)
  3 harpies
  8 deep elf magi
  38 wolf spiders
  26 ugly things
  10 cyclopes
  5 manticores
  A shining eye (D:14)
  2 orc sorcerers (Orc:2)
  3 moths of wrath
  3 black mambas
  6 vault sentinels
  A guardian serpent (shapeshifter) (D:14)
  4 ice statues
  14 spiny frogs
  3 freezing wraiths
  3 gargoyles
  Maggie (D:9)
  3 torpor snails
  18 demonic crawlers
  6 rime drakes
  7 yaktaurs
  An efreet (D:12)
  A kobold demonologist (D:14)
  10 komodo dragons
  45 jumping spiders
  5 polar bears
  7 trolls
  8 hornets
  6 blink frogs
  12 hippogriffs
  11 slime creatures
  A wind drake (shapeshifter) (Vaults:2)
  A meliai zombie (D:15)
  4 dream sheep (Lair:6)
  A flying skull (Vaults:2)
  Sigmund (D:4)
  A yak (shapeshifter) (D:12)
  86 redbacks
  A redback (shapeshifter) (Vaults:2)
  33 tarantellas
  31 yaks
  2 vampires (D:13)
  10 wyverns
  4 wraiths
  Grum (D:10)
  A basilisk (Lair:1)
  2 hungry ghosts
  Menkaure (D:7)
  A naga (shapeshifter) (Vaults:2)
  8 vampire mosquitoes
  A warg (shapeshifter) (Vaults:2)
  2 wargs (Orc:2)
  A soldier ant (D:11)
  2 acid dragons
  A soldier ant (shapeshifter) (D:13)
  Duvessa (D:4)
  11 water moccasins
  8 porcupines
  32 orc warriors
  A phantom (D:9)
  A necrophage (D:9)
  6 ice beasts (IceCv)
  2 sky beasts
  20 ogres
  3 black bears
  2 eyes of draining
  An ogre (shapeshifter) (Vaults:1)
  9 boggarts
  12 wolves
  23 centaurs
  18 crocodiles
  12 bullfrogs
  3 big kobolds
  Dowan (D:4)
  4 scorpions
  9 killer bees
  21 wights
  2 electric eels
  The ghost of Gruesome the Stinger, a weakling DsVM (D:3)
  A howler monkey (D:12)
  9 crimson imps
  A lava snake (D:7)
  A human simulacrum (Vaults:2)
  A bullfrog zombie (D:13)
  4 centaur zombies
  8 jellies
  5 centaur skeletons
  33 orc priests
  A hound (D:13)
  27 orc wizards
  4 bullfrog skeletons
  A gnoll shaman (D:4)
  An iguana (D:7)
  Terence (D:2)
  18 worker ants
  2 hound skeletons
  A howler monkey zombie (D:6)
  Robin (D:4)
  7 adders
  3 gnolls (D:4)
  A howler monkey skeleton (D:6)
  4 shadow imps
  6 oozes
  2 adder skeletons
  3 worms
  8 leopard geckos
  71 orcs
  3 ball pythons
  4 bats
  8 giant cockroaches
  18 goblins
  10 hobgoblins
  23 jackals
  3 quokkas
  8 frilled lizards
  14 kobolds
  A quokka skeleton (D:9)
  6 rats
  A bush (Lair:5)
  A plant (Lair:6)
1146 creatures vanquished.

Vanquished Creatures (collateral kills)
  Snorg (Lair:4)
  A spiny frog (Lair:4)
  A komodo dragon (Lair:3)
  A jumping spider (Spider:2)
  A yak (Lair:3)
  A plant (Lair:4)
6 creatures vanquished.

Vanquished Creatures (others)
  A tarantella (Spider:4)
  A jackal (D:11)
  16 fungi (Lair:6)
  16 plants (Lair:6)
34 creatures vanquished.

Grand Total: 1186 creatures vanquished

Notes
Turn   | Place    | Note
-------+----------+-------------------------------------------
     0 | D:1      | inmateoo the Vampire Monk began the quest for the Orb.
     0 | D:1      | Reached XP level 1. HP: 17/17 MP: 1/1
   131 | D:1      | Reached XP level 2. HP: 23/23 MP: 2/2
   325 | D:1      | Reached XP level 3. HP: 26/29 MP: 3/3
   710 | D:2      | Found a blossoming altar of Fedhas.
   878 | D:2      | Reached skill level 4 in Long Blades
   878 | D:2      | Reached XP level 4. HP: 28/35 MP: 4/4
  1029 | D:2      | Noticed Terence
  1045 | D:2      | Killed Terence
  1119 | D:2      | Found a transporter.
  1122 | D:2      | Found a transporter.
  1133 | D:2      | Found a glowing golden altar of the Shining One.
  1414 | D:2      | Reached XP level 5. HP: 39/41 MP: 5/5
  1719 | D:3      | Found a sparkling altar of Nemelex Xobeh.
  1770 | D:3      | Reached skill level 5 in Stealth
  1795 | D:3      | Found a runed translucent door.
  1795 | D:3      | Noticed Gruesome's ghost (weakling DsVM)
  1933 | D:3      | Found a faded altar of an unknown god.
  2210 | D:3      | Killed Gruesome's ghost
  2210 | D:3      | Reached XP level 6. HP: 48/48 MP: 6/6
  2211 | D:3      | Noticed a wyvern
  2217 | D:3      | Killed a wyvern
  2217 | D:3      | Reached skill level 5 in Long Blades
  2291 | D:4      | Noticed Robin
  2304 | D:4      | Killed Robin
  2432 | D:4      | Reached skill level 5 in Dodging
  2440 | D:4      | Reached XP level 7. HP: 25/54 MP: 7/7
  2588 | D:4      | Reached skill level 6 in Long Blades
  2685 | D:4      | Found a sacrificial altar of Ru.
  2713 | D:4      | Found a white marble altar of Elyvilon.
  2713 | D:4      | Noticed Duvessa
  2713 | D:4      | Noticed Dowan
  2718 | D:4      | Found a glowing silver altar of Zin.
  2725 | D:4      | Killed Duvessa
  2735 | D:4      | Killed Dowan
  2809 | D:4      | Found a hide-covered altar of Uskayaw.
  2810 | D:4      | Noticed Sigmund
  2812 | D:4      | Killed Sigmund
  2812 | D:4      | Reached skill level 5 in Fighting
  2812 | D:4      | Reached skill level 7 in Long Blades
  2812 | D:4      | Reached XP level 8. HP: 62/62 MP: 8/8
  3158 | D:4      | Reached skill level 8 in Long Blades
  3177 | D:5      | Entered Level 5 of the Dungeon
  3186 | D:5      | Found Plog's Food Shop.
  3266 | D:5      | Found Imep Pis's Magic Scroll Boutique.
  3274 | D:5      | Bought a scroll of identify for 30 gold pieces
  3274 | D:5      | Bought a scroll of identify for 30 gold pieces
  3274 | D:5      | Bought a scroll of blinking for 112 gold pieces
  3274 | D:5      | Bought a scroll of fear for 52 gold pieces
  3376 | D:5      | Reached skill level 1 in Armour
  3488 | D:5      | Found Xuolos's Distillery.
  3741 | D:5      | Found Wuschobro's Assorted Antiques.
  3744 | D:5      | Bought a metallic brown potion for 24 gold pieces
  3744 | D:5      | Bought a scroll labeled GEPNAE MOOTEDD for 27 gold pieces
  3853 | D:5      | Found an ornate altar of the Wu Jian Council.
  3937 | D:5      | Found a staircase to the Ecumenical Temple.
  3959 | Temple   | Entered the Ecumenical Temple
  4196 | D:5      | Found Houfoll's General Store.
  4274 | D:6      | Got a jasper-encrusted leather armour
  4605 | D:6      | Found an opulent altar of Gozag.
  4729 | D:6      | Found a shimmering blue altar of Sif Muna.
  4769 | D:6      | Became a worshipper of Gozag Ym Sagoz the Greedy
  4815 | D:6      | Found a burning altar of Makhleb.
  5115 | D:7      | Reached XP level 9. HP: 69/69 MP: 9/9
  5312 | D:7      | Identified the +1 leather armour of Dishonesty {rF+} (You
                  | found it on level 6 of the Dungeon)
  5364 | D:7      | Noticed Menkaure
  5379 | D:7      | Killed Menkaure
  5641 | D:8      | Noticed a cyclops
  5947 | D:8      | Found an ancient bone altar of Kikubaaqudgha.
  5963 | D:8      | Reached skill level 9 in Long Blades
  6063 | D:8      | Killed a cyclops
  6446 | D:9      | Reached skill level 1 in Evocations
  6502 | D:9      | Noticed Maurice
  6515 | D:9      | Noticed Maurice
  6515 | D:9      | Maurice changed into Maurice the scorpion
  6519 | D:9      | Killed Maurice the scorpion
  6645 | D:9      | Found Ywuuryps's Book Shop.
  6748 | D:9      | Noticed a two-headed ogre
  6942 | D:9      | Noticed Maggie
  6949 | D:9      | Killed Maggie
  6949 | D:9      | Reached XP level 10. HP: 79/79 MP: 11/11
  6994 | D:9      | Killed a two-headed ogre
  7117 | D:9      | Noticed a gargoyle
  7135 | D:9      | Killed a gargoyle
  7298 | D:9      | Reached skill level 10 in Long Blades
  7429 | D:9      | Found a bloodstained altar of Trog.
  7456 | D:9      | Found a staircase to the Orcish Mines.
  7594 | D:10     | Entered Level 10 of the Dungeon
  7624 | D:10     | Noticed Grum
  7639 | D:10     | Killed Grum
  8669 | D:11     | Noticed a seven-headed hydra
  8670 | D:11     | Noticed Fannar
  8754 | D:11     | Killed a seven-headed hydra
  8754 | D:11     | Reached XP level 11. HP: 61/86 MP: 14/14
  8781 | D:11     | Killed Fannar
  8781 | D:11     | Reached skill level 5 in Evocations
  8842 | D:11     | Found a basalt altar of Yredelemnul.
  8842 | D:11     | Found an opulent altar of Gozag.
  8843 | D:11     | Noticed a two-headed ogre
  8843 | D:11     | Noticed a fire giant
  8844 | D:11     | Killed a two-headed ogre
  8845 | D:11     | Noticed a storm dragon
  8859 | D:11     | Reached skill level 11 in Long Blades
  8928 | D:11     | Killed a fire giant
  8928 | D:11     | Reached skill level 10 in Dodging
  9174 | D:11     | Noticed a fire dragon
  9220 | D:11     | Killed a storm dragon
  9220 | D:11     | Reached skill level 12 in Long Blades
  9465 | D:11     | Found a transporter.
  9470 | D:11     | Found a transporter.
  9470 | D:11     | Noticed Mergh's ghost (journeyman MiFi)
  9625 | D:11     | Found a staircase to the Lair.
  9736 | Orc:1    | Entered Level 1 of the Orcish Mines
  9738 | Orc:1    | Noticed a two-headed ogre
  9739 | Orc:1    | Noticed Nergalle
  9817 | Orc:1    | Killed Nergalle
  9830 | Orc:1    | Killed a two-headed ogre
 10246 | Orc:2    | Entered Level 2 of the Orcish Mines
 10252 | Orc:2    | Found Bot Pewn's Antique Weapon Boutique.
 10262 | Orc:2    | Noticed an ettin
 10267 | Orc:2    | Killed an ettin
 10267 | Orc:2    | Reached skill level 13 in Long Blades
 10581 | Orc:1    | Found Nianuuf's Antique Armour Shoppe.
 10618 | Orc:1    | Reached XP level 12. HP: 59/92 MP: 15/15
 10797 | Orc:1    | Noticed an ogre mage
 10816 | D:9      | Killed an ogre mage
 11088 | Orc:2    | Noticed an orc warlord
 11151 | Orc:2    | Reached skill level 14 in Long Blades
 11193 | Orc:2    | Killed an orc warlord
 11582 | Orc:2    | Noticed an orc high priest
 11719 | Orc:2    | Killed an orc high priest
 11866 | Orc:2    | Noticed an orc high priest
 12050 | Orc:2    | Noticed an orc high priest
 12324 | Orc:2    | Killed an orc high priest
 12324 | Orc:2    | Reached skill level 10 in Fighting
 12468 | Orc:2    | Found a staircase to the Elven Halls.
 12567 | Orc:2    | Found Kawkiv's Book Shop.
 12567 | Orc:2    | Found Fiegeirph's Gadget Boutique.
 12568 | Orc:2    | Found Nupserph's Antique Weapon Boutique.
 12571 | Orc:2    | Found Fakifuq's Antique Weapon Shop.
 12578 | Orc:2    | Bought a manual of Armour for 1656 gold pieces
 13008 | D:11     | Killed a fire dragon
 13008 | D:11     | Reached skill level 5 in Armour
 13248 | D:12     | Noticed a four-headed hydra
 13259 | D:12     | Killed a four-headed hydra
 13324 | D:12     | Found a frozen archway.
 13345 | IceCv    | Entered an ice cave
 13878 | IceCv    | Reached XP level 13. HP: 69/105 MP: 16/16
 14251 | D:12     | Got a dazzling cloak
 14263 | D:12     | Identified the +0 cloak "Moesuan" {Int+2} (You found it on
                  | level 12 of the Dungeon)
 14656 | D:12     | Found Wiov's Jewellery Shop.
 14660 | D:12     | You fall into a shaft and drop 1 floor!
 14660 | D:13     | Found a gate to the Vaults.
 14915 | D:13     | Noticed Josephine
 14935 | D:13     | Killed Josephine
 15504 | D:13     | Reached skill level 10 in Armour
 15707 | D:12     | You fall into a shaft and drop 1 floor!
 16056 | D:12     | Bought the ring "Lext" {MR+ Dex+4 Stlth+} for 551 gold
                  | pieces
 16056 | D:12     | Bought an uncursed amulet of guardian spirit for 390 gold
                  | pieces
 16192 | D:12     | Identified the +6 plate armour of a bailey {Str+2} (You
                  | found it on level 12 of the Dungeon)
 16337 | Lair:1   | Entered Level 1 of the Lair of Beasts
 17532 | Lair:2   | Found a hole to the Spider Nest.
 17569 | Lair:2   | Found a staircase to the Shoals.
 17571 | Lair:2   | Reached XP level 14. HP: 39/115 MP: 17/17
 17781 | Lair:2   | Found a runed translucent door.
 18202 | Lair:2   | Noticed Dustman's ghost (journeyman HuGl)
 18223 | Lair:2   | Killed Dustman's ghost
 19300 | Lair:4   | Noticed Snorg
 19316 | Lair:4   | Killed Snorg
 19721 | Lair:4   | Found a runed translucent door.
 19721 | Lair:4   | Noticed Tungsten's ghost (journeyman SpAs)
 19972 | Lair:4   | Killed Tungsten's ghost
 19972 | Lair:4   | Reached skill level 15 in Long Blades
 20187 | Lair:5   | Found a staircase to the Slime Pits.
 21077 | Lair:6   | Entered Level 6 of the Lair of Beasts
 23362 | D:5      | Bought a potion of curing for 36 gold pieces
 23362 | D:5      | Bought a potion of resistance for 120 gold pieces
 23362 | D:5      | Bought 2 potions of haste for 240 gold pieces
 23362 | D:5      | Bought a potion of curing for 36 gold pieces
 23362 | D:5      | Bought 2 potions of curing for 72 gold pieces
 23395 | D:5      | Bought a potion of curing for 81 gold pieces
 23395 | D:5      | Bought a scroll of remove curse for 81 gold pieces
 23395 | D:5      | Bought a scroll of identify for 54 gold pieces
 23395 | D:5      | Bought a scroll of identify for 54 gold pieces
 23395 | D:5      | Bought a tubular bronze ring for 135 gold pieces
 23431 | D:5      | Bought a scroll of acquirement for 780 gold pieces
 23431 | D:5      | Identified the +7 triple sword of Impeachment {flame, +Rage
                  | rN+ Str-4 Dex+2} (You acquired it on level 5 of the
                  | Dungeon)
 23795 | Orc:1    | Bought a jewelled chain mail for 237 gold pieces
 23795 | Orc:1    | Bought a brightly glowing scale mail for 225 gold pieces
 23795 | Orc:1    | Identified the cursed +0 chain mail of an ice cave {rF+
                  | Dex+2} (You bought it in a shop on level 1 of the Orcish
                  | Mines)
 23796 | Orc:1    | Identified the cursed +0 scale mail of Broken Taboos {rPois
                  | rF- MR+ Int+4} (You bought it in a shop on level 1 of the
                  | Orcish Mines)
 23989 | D:12     | Bought the +2 helmet "Haorinn" {rF++ Str+5} for 742 gold
                  | pieces
 23989 | D:12     | Bought a +1 pair of gloves of dexterity for 247 gold pieces
 24045 | D:13     | Reached XP level 15. HP: 123/123 MP: 20/20
 24252 | D:13     | Found Zured's Food Emporium.
 24828 | D:14     | Noticed Nessos
 24857 | D:14     | Noticed Nessos
 24857 | D:14     | Nessos changed into Nessos the shining eye
 24868 | D:14     | Killed Nessos the shining eye
 25410 | D:15     | Entered Level 15 of the Dungeon
 26408 | D:15     | Found a staircase to the Depths.
 26408 | D:15     | Noticed a frost giant
 26423 | D:15     | Killed a frost giant
 26830 | D:12     | Bought the +0 cloak "Yhal" {rElec MR+ MP+9} for 645 gold
                  | pieces
 26930 | Spider:1 | Entered Level 1 of the Spider Nest
 27413 | Spider:1 | Noticed a ghost moth
 27427 | Spider:1 | Killed a ghost moth
 27513 | D:12     | Bought a translucent double sword for 660 gold pieces
 27514 | D:12     | Identified the cursed +0 double sword of a Billion Princes
                  | {freeze, MP+9} (You bought it in a shop on level 12 of the
                  | Dungeon)
 27881 | Spider:1 | Reached XP level 16. HP: 126/133 MP: 22/22
 30309 | Spider:2 | HP: 3/133 [wolf spider (9)]
 30313 | Spider:2 | HP: 1/133 [wolf spider (5)]
 31539 | Spider:3 | Noticed Arachne
 31563 | Spider:3 | Killed Arachne
 31965 | Spider:4 | Entered Level 4 of the Spider Nest
 32523 | Spider:4 | Reached XP level 17. HP: 139/140 MP: 23/23
 32604 | Spider:4 | Reached skill level 16 in Long Blades
 33806 | Spider:4 | Reached skill level 15 in Dodging
 33931 | Spider:4 | Got a gossamer rune of Zot
 34172 | Vaults:1 | Entered Level 1 of the Vaults
 35102 | Vaults:1 | Reached skill level 17 in Long Blades
 35311 | Vaults:1 | Reached skill level 15 in Fighting
 36270 | Vaults:2 | Found Echeudgh's Antique Weapon Shoppe.
 36278 | Vaults:2 | Found a staircase to the Crypt.
 36694 | Vaults:2 | Reached XP level 18. HP: 131/149 MP: 24/24
 37134 | Vaults:2 | Reached skill level 18 in Long Blades
 38078 | Vaults:3 | Noticed Saint Roka
 38115 | Vaults:2 | Hit by a large rock thrown by a stone giant

Levels and vault maps discovered:
D:1:      dpeg_arrival_shelter, layout_loops_ring
D:2:      layout_loops_ring, gammafunk_temple_overflow_arena, fedhas_altar_2,
          first_ration, serial_bayou_ford_a, minmay_ruptured, uniq_terence
D:3:      layout_loops_ring, lemuel_doored_altar,
          chequers_ecumenical_altar_grove, ebering_ghost_inner_flame,
          kennysheep_nondescript
D:4:      layout_loops_cross, kennysheep_little_box,
          nicolae_overflow_crystal_walls, gammafunk_temple_overflow_pools,
          dk_vineyard_3, columned_hall_lemuel, uniq_sigmund, uniq_duvessa,
          uniq_robin
D:5:      layout_basic, lemuel_round_altar, minmay_temple_entry_mini_moons,
          serial_shops, nicolae_shop_behind_doors, kennysheep_mini_moat, shop,
          shop_statue, shop
D:6:      layout_rooms, kennysheep_mini, amethyst_overflow_temple_binary
D:7:      layout_loops_cross, kennysheep_donut, uniq_menkaure
D:8:      layout_loops_ring, overflow_temple_1_default
D:9:      layout_loops_ring, orc_0_dummy, basic_altar, serial_shops, shop_coins,
          grunt_ogre_cave, chequers_serial_rivers_micro_d, uniq_maggie,
          uniq_maurice
D:10:     layout_roguey, abandoned_shop, roderic_roman_lattice, uniq_grum
D:11:     layout_loops_cross, minmay_lair_entry_lava, gammafunk_ghost_hive,
          hangedman_abyss_or_decor_stagger, jmf_multi_god_temple, uniq_fannar
D:12:     layout_gridville, serial_shops, shop, portal_ice_cave_rime,
          onia_ninara_dug_in_and_dangerous
D:13:     layout_long_grid, lightli_vaults_fourway_checkpoint, serial_shops,
          nicolae_shop_behind_doors, uniq_josephine
D:14:     layout_roguey [special_room_orc], kennysheep_cluttered_room,
          uniq_nessos
D:15:     grunt_enter_depths_snipers, layout_long_grid, minmay_misc_feat_iff
Temple:   chequers_temple_sunken
Lair:1:   layout_long_grid
Lair:2:   layout_chaotic_city, minmay_shoals_entry_beasts, spider_nest_entry_a,
          ebering_ghost_reflecting_pool
Lair:3:   statuecave_lemuel, layout_cave_shapes, chequers_serial_rivers_micro_a,
          grunt_megastairs_1
Lair:4:   layout_roguey, ebering_ghost_reflecting_pool, uniq_snorg
Lair:5:   layout_layer_cave, nicolae_slime_entry_slimehenge,
          minmay_lair_oklob_bushes, grunt_megastairs_3
Lair:6:   gammafunk_lair_ancient_temple, layout_gridlike,
          kilobyte_rumbling_trees, lemuel_fruit_tree
Spider:1: layout_chambers, drop_trap
Spider:2: layout_spider_delve
Spider:3: layout_spider_delve, nicolae_arachne_temple
Spider:4: spider_rune_water
Orc:1:    layout_caves, serial_shops, nicolae_shop_trees, mines4_lemuel,
          uniq_nergalle
Orc:2:    st_orc_mages, layout_caves, serial_shops, shop
Vaults:1: st_cross, v_misc_15, v_misc_29, v_misc_14, vaults_room_large_hall,
          v_pattern_2, nicolae_vaults_network_square, grunt_vaults_bifocal,
          ontoclasm_vaults_ligature, v_misc_23, v_rooms_3, layout_vaults_ring
Vaults:2: minmay_crypt_entry_simple_sparse, st_eye, grunt_vaults_twisty,
          v_misc_30, vaults_mumra_minichess, nicolae_vaults_theta,
          layout_vaults_omnigrid, serial_shops, nicolae_shop_crystal
Vaults:3: ontoclasm_vaults_gallery, v_misc_26, vaults_standard_mumra_lines,
          nicolae_vaults_network_barrier, v_alt_pattern_3,
          ontoclasm_vaults_gateway, hangedman_vaults_snaps, v_misc_28,
          layout_vaults_chaotic_city, uniq_xtahua, uniq_frederick,
          uniq_saint_roka, uniq_sojobo, uniq_boris

Skill      XL: |  1  2  3  4  5  6  7  8  9 10 11 12 13 14 15 16 17 18 |
---------------+-------------------------------------------------------+-----
Fighting       | 3 4 5 7 8 10 12 13 14 15 | 15.0
Long Blades    | 4 5 7 8 9 10 13 14 15 17 18 | 18.0
Stealth        | 4 5 |  5.0
Dodging        | 4 5 6 7 9 10 12 13 14 15 17 | 17.5
Armour         | 2 4 6 10 12 14 | 14.0
Evocations     | 2 4 5 6 8 9 |  9.0

Action                   |  1- 3 |  4- 6 |  7- 9 | 10-12 | 13-15 | 16-18 || total
-------------------------+-------+-------+-------+-------+-------+-------++-------
Melee: Falchion          |    42 |       |       |       |       |       ||    42
       Bite              |     4 |    18 |    65 |   173 |   429 |   505 ||  1194
       Dagger            |    55 |   164 |   498 |   270 |     7 |    19 ||  1013
       Scimitar          |       |       |       |   675 |  1914 |  1810 ||  4399
Throw: Throwing net      |       |       |       |     1 |       |       ||     1
Invok: Potion Petition   |       |       |       |     1 |       |       ||     1
       Call Merchant     |       |       |       |       |     2 |       ||     2
Evoke: Wand              |       |       |     8 |    29 |    28 |    40 ||   105
       Sack of spiders   |       |       |       |       |     4 |       ||     4
       Tin of tremorston |       |       |       |       |     5 |       ||     5
       Fan of gales      |       |       |       |       |     1 |     1 ||     2
       Lamp of fire      |       |       |       |       |       |     5 ||     5
  Use: Scroll            |       |    10 |    10 |    10 |    17 |     9 ||    56
       Potion            |       |       |     1 |    14 |     3 |     3 ||    21
 Stab: Sleeping          |     4 |     1 |    10 |     4 |    16 |    17 ||    52
       Distracted        |       |     1 |     2 |     5 |    15 |    30 ||    53
       Paralysed         |       |       |     2 |     2 |       |     6 ||    10
       Held in net/web   |       |       |       |     1 |       |       ||     1
       Confused          |       |       |       |       |     6 |       ||     6
Armor: Robe              |    11 |       |       |       |       |       ||    11
       Chain mail        |    20 |    13 |       |       |       |       ||    33
       Scale mail        |       |    54 |   136 |   320 |   721 |   733 ||  1964
       Skin              |       |       |     3 |     8 |       |       ||    11
Dodge: Dodged            |    40 |    66 |   211 |   518 |  1391 |  2190 ||  4416
       Rpst.: Falchion   |     6 |       |       |       |       |       ||     6
       Scimitar          |       |       |       |   122 |   332 |   440 ||   894

Table legend:
 A = Non-vault XP
 B = Vault XP
 C = Vault XP percentage of total XP
 D = Non-vault monster count
 E = Vault monster count
 F = Vault count percentage of total count
                 A         B        C        D         E       F
            +---------+---------+-------+---------+---------+-------
      Total |  196923 |  135114 |  40.7 |     800 |     350 |  30.4
            +---------+---------+-------+---------+---------+-------
        D:1 |      50 |       0 |   0.0 |      25 |       0 |   0.0
        D:2 |      35 |     151 |  81.2 |      14 |       9 |  39.1
        D:3 |      90 |     259 |  74.2 |      16 |       2 |  11.1
        D:4 |     605 |     494 |  44.9 |      28 |      15 |  34.9
        D:5 |     694 |       0 |   0.0 |      28 |       0 |   0.0
        D:6 |     211 |       0 |   0.0 |       9 |       0 |   0.0
        D:7 |     344 |     172 |  33.3 |      12 |       1 |   7.7
        D:8 |    1531 |       0 |   0.0 |      23 |       0 |   0.0
        D:9 |    3076 |    2120 |  40.8 |      32 |       8 |  20.0
       D:10 |    1828 |     422 |  18.8 |      25 |       3 |  10.7
       D:11 |    2147 |    7143 |  76.9 |      18 |       6 |  25.0
       D:12 |    6566 |    3138 |  32.3 |      27 |       9 |  25.0
       D:13 |    7396 |    8405 |  53.2 |      40 |      16 |  28.6
       D:14 |   13118 |    2207 |  14.4 |      50 |      26 |  34.2
       D:15 |   17540 |    3180 |  15.3 |      52 |       3 |   5.5
     Temple |       5 |       0 |   0.0 |       1 |       0 |   0.0
     Lair:1 |    2494 |       0 |   0.0 |      15 |       0 |   0.0
     Lair:2 |    3673 |    2556 |  41.0 |      14 |       6 |  30.0
     Lair:3 |    5930 |    1794 |  23.2 |      21 |       8 |  27.6
     Lair:4 |     672 |    1720 |  71.9 |       4 |       2 |  33.3
     Lair:5 |    2376 |     973 |  29.1 |       6 |      10 |  62.5
     Lair:6 |   10582 |    9723 |  47.9 |      43 |      29 |  40.3
   Spider:1 |   18720 |       0 |   0.0 |      54 |       0 |   0.0
   Spider:2 |   16041 |     739 |   4.4 |      43 |       3 |   6.5
   Spider:3 |   20929 |   14187 |  40.4 |      62 |      31 |  33.3
   Spider:4 |   11134 |   20673 |  65.0 |      30 |      40 |  57.1
      Orc:1 |    1927 |    1698 |  46.8 |      13 |      10 |  43.5
      Orc:2 |    5202 |    5584 |  51.8 |      22 |      37 |  62.7
   Vaults:1 |   11479 |   19752 |  63.2 |      18 |      32 |  64.0
   Vaults:2 |   30528 |   24689 |  44.7 |      55 |      31 |  36.0
   Vaults:3 |       0 |     140 | 100.0 |       0 |       2 | 100.0
      IceCv |       0 |    3195 | 100.0 |       0 |      11 | 100.0
            +---------+---------+-------+---------+---------+-------
